 Dungeon Crawl Stone Soup version 0.29.1-15-g9cfb28693d (webtiles) character file.

Game seed: 3781585420348443804

41090 Malicious the Cleaver (level 14, -6/124 HPs)
             Began as a Ghoul Fighter on Mar 28, 2023.
             Was an Elder of Makhleb.
             Mangled by a two-headed ogre
             ... wielding a +0 giant spiked club
              (8 damage)
             ... on level 15 of the Dungeon.
             The game lasted 01:00:15 (24276 turns).

Malicious the Cleaver (Ghoul Fighter)              Turns: 24276, Time: 01:00:16

Health: -6/124     AC: 29    Str: 25    XL:     14   Next: 13%
Magic:  13/13      EV:  7    Int:  3    God:    Makhleb [****..]
Gold:   1381       SH: 11    Dex:  8    Spells: 13/13 levels left

rFire   + . .      SeeInvis .   y - +4 morningstar (protect)
rCold   + + .      Faith    .   c - +0 buckler
rNeg    + + +      Spirit   .   v - +0 plate armour
rPois   ∞          Reflect  +   r - +0 helmet
rElec   +          Harm     .   s - +2 cloak {rPois}
rCorr   +          Rampage  .   T - +1 pair of gloves of the Seven Orbs {rElec}
Will    ++...                   (no boots)
Stlth   ..........              p - amulet of reflection
HPRegen 0.00/turn               h - ring of willpower
MPRegen 0.13/turn               q - ring of Seinit {rF+ rC+ rCorr}

@: under a protective aura, inhibited regen
A: claws 1, cold resistance 1, negative energy resistance 3, inhibited
regeneration, torment resistance 2, devour on kill
a: Renounce Religion, Minor Destruction, Lesser Servant of Makhleb, Major
Destruction


You were on level 15 of the Dungeon.
You worshipped Makhleb.
Makhleb was greatly pleased with you.
You visited 3 branches of the dungeon, and saw 17 of its levels.
You also visited: Sewer.

You collected 1381 gold pieces.

Inventory:

Hand Weapons
 j - a +1 dire flail of protection
 m - a +0 arbalest of freezing
 w - a +0 broad axe
 y - a +4 morningstar of protection (weapon)
 z - a +4 halberd
 L - a +1 trident of protection
 O - a +5 spectral flail
Missiles
 K - 7 throwing nets (quivered)
Armour
 c - a +0 buckler (worn)
 r - a +0 helmet (worn)
 s - a +2 cloak of poison resistance (worn)
 v - a +0 plate armour (worn)
 B - a +2 pair of gloves
 T - the +1 pair of gloves of the Seven Orbs (worn) {rElec}
   (You found it on level 11 of the Dungeon)

   rElec:     It insulates you from electricity.
Jewellery
 a - a ring of fire
 e - a ring of resist corrosion
 h - a ring of willpower (left hand)
 l - a ring of willpower
 p - an amulet of reflection (around neck)
 q - the ring of Seinit (right hand) {rF+ rC+ rCorr}
   (You found it on level 7 of the Dungeon)

   [ring of protection from fire]

   rF:        It protects you from fire.
   rC:        It protects you from cold.
   rCorr:     It protects you from acid and corrosion.
 D - a ring of protection from cold
 P - an amulet of regeneration
 Q - a +6 ring of dexterity
Wands
 i - a wand of iceblast (12)
 k - a wand of polymorph (2)
 C - a wand of digging (2)
 F - a wand of charming (18)
 R - a wand of flame (7)
Scrolls
 t - a scroll of teleportation
 u - 2 scrolls of amnesia
 A - 4 scrolls of magic mapping
 I - 3 scrolls of identify
 J - 4 scrolls of butterflies
 N - a scroll of torment {unknown}
 U - a scroll of vulnerability
 X - 3 scrolls of poison
Potions
 b - 3 potions of attraction
 d - 2 potions of might
 f - 4 potions of lignification
 g - 4 potions of magic
 n - 5 potions of degeneration
 o - 3 potions of mutation
 x - 4 potions of brilliance
 E - 2 potions of haste
 G - 2 potions of flight
 H - a potion of cancellation
 M - a potion of ambrosia
 V - 2 potions of berserk rage


   Skills:
 * Level 11.2 Fighting
 + Level 11.5(12.6) Axes
 * Level 8.5(11.2) Maces & Flails
 * Level 11.0 Armour
 * Level 10.8 Shields
 + Level 1.9 Evocations


You had 13 spell levels left.
You didn't know any spells.
Your spell library contained the following spells:

 Spells                   Type           Power      Damage    Failure   Level
 Conjure Flame            Conj/Fire      0%         6-21      100%        3
 Ignite Poison            Fire/Tmut/Pois 0%         N/A       100%        3
 Corpse Rot               Necr/Pois/Air  0%         N/A       100%        4
 Dispel Undead            Necr           0%         3d6       100%        4
 Hailstorm                Conj/Ice       0%         3d3       100%        4
 Sticky Flame             Conj/Fire      0%         2d3       100%        4
 Summon Lightning Spire   Summ/Air       0%         N/A       100%        4
 Alistair's Intoxication  Tmut/Pois      0%         N/A       100%        5
 Borgnjor's Vile Clutch   Necr/Erth      0%         N/A       100%        5
 Death Channel            Necr           0%         N/A       100%        6
 Eringya's Noxious Bog    Tmut/Pois      0%         N/A       100%        6
 Simulacrum               Ice/Necr       0%         N/A       100%        6
 Maxwell's Capacitive Co  Air            0%         ∞         100%        8
 Ice Form                 Ice/Tmut       Unusable   N/A       N/A         4
 Storm Form               Tmut/Air       Unusable   N/A       N/A         7

Dungeon Overview and Level Annotations

Branches:
Dungeon (15/15)            Temple (1/1) D:5            Lair (1/5) D:8
 Depths (0/4) D:15          Sewer (visited)
    Orc: D:9-12      Vaults: D:13-14

Altars:
Ashenzari
Cheibriados
Dithmenos
Fedhas
Gozag
Hepliaklqana
Kikubaaqudgha
Makhleb
Nemelex Xobeh
Okawaru
Qazlal
Ru
Sif Muna
Trog
Uskayaw
Vehumet
Wu Jian
Xom
Yredelemnul


Innate Abilities, Weirdness & Mutations

You are immune to poison.
You have sharp fingernails.
Your flesh is cold resistant. (rC+)
You are immune to negative energy. (rN+++)
You do not regenerate when monsters are visible.
You are immune to unholy pain and torment.
You thrive by killing the living.


Message History

You puncture the two-headed ogre!
The two-headed ogre is moderately wounded.
Something hits you but does no damage.
You thump the two-headed ogre!
The two-headed ogre is heavily wounded.
The two-headed ogre hits you with a +0 giant spiked club.
* * * LOW HITPOINT WARNING * * *
The two-headed ogre barely misses you. Something hits you.
* * * LOW HITPOINT WARNING * * *
You hit the two-headed ogre.
The two-headed ogre is severely wounded.
The two-headed ogre hits you but does no damage. x2
You barely miss the two-headed ogre.
The two-headed ogre is severely wounded.
Something completely misses you.
Unknown command.
You hit the two-headed ogre.
The two-headed ogre is severely wounded.
You block the two-headed ogre's attack. The two-headed ogre misses you.
Something completely misses you.
You sock the two-headed ogre!
The two-headed ogre is almost dead.
The two-headed ogre hits you but does no damage.
You block the two-headed ogre's attack.
You barely miss the two-headed ogre.
The two-headed ogre is almost dead.
Something hits you.
* * * LOW HITPOINT WARNING * * *
You hit the two-headed ogre but do no damage.
The two-headed ogre is almost dead.
The two-headed ogre hits you with a +0 giant spiked club.
* * * LOW HITPOINT WARNING * * *
The two-headed ogre hits you with a +0 giant club!
* * * LOW HITPOINT WARNING * * *
Something hits you.
* * * LOW HITPOINT WARNING * * *
You hit the two-headed ogre.
The two-headed ogre is almost dead.
The two-headed ogre hits you with a +0 giant spiked club!
You die...

........#.......#.........#...
........#.......#.........#...
....<...#.......#.........'...
........#...#####.........#...
.......{#.......#.........#...
........#.......#.........#...
......O.#.......#.........#...
......<..#...#####.........#...
#.........#...O@..#.........####
#.........#...#{..#.........#...
#.............#...#.........#...
#.............#####.........#...
#.............#...#.........#...
#.........#####...#...#.....#...
#.........#...#...#...#.....#...
#.........#...#...#...#.....#...
#.........#...#...#...#.....#...


You could see a two-headed ogre.

Vanquished Creatures
  3 hydras
  Harold (D:9)
  A boulder beetle (D:14)
  An ogre mage (D:13)
  12 two-headed ogres
  3 centaur warriors
  A deep elf knight (D:11)
  A deep elf zephyrmancer (D:15)
  A necromancer (D:15)
  Pikel (D:7)
  An orc knight (D:13)
  3 deep elf pyromancers
  4 cyclopes
  An orc sorcerer (D:15)
  A manticore (D:12)
  2 ugly things
  A wolf spider zombie (D:15)
  7 centaur zombies
  4 centaur skeletons
  4 gargoyles
  Joseph (D:7)
  2 unseen horrors
  An efreet (D:11)
  A yaktaur (D:14)
  A tengu conjurer (D:14)
  A hornet (D:8)
  Grinder (D:4)
  Prince Ribbit (D:7)
  6 trolls
  A meliai zombie (D:12)
  6 slime creatures
  10 shadows
  A centaur simulacrum (D:15)
  3 wyverns
  A wraith (D:11)
  12 yaks
  4 vampires
  A spriggan (shapeshifter) (D:15)
  Grum (D:9)
  Eustachio (D:4)
  2 basilisks
  4 vampire mosquitoes
  Menkaure (D:4)
  2 steam dragons
  2 acid dragons
  A water moccasin (D:5)
  2 sky beasts
  3 ice beasts
  9 orc warriors
  2 ogres (D:13)
  9 centaurs
  4 wolves (D:9)
  A phantom (D:4)
  2 kobold brigands
  5 bullfrogs
  4 gnoll sergeants
  A scorpion (D:6)
  9 wights
  12 killer bees
  5 howler monkeys
  3 hounds
  8 orc priests
  Crazy Yiuf (D:2)
  8 jellies
  Jessica (D:2)
  2 iguanas (D:6)
  Natasha (twice) (D:2)
  14 orc wizards
  Robin (D:2)
  31 gnolls
  8 adders
  3 river rats
  A shadow imp (D:6)
  2 white imps
  An ufetubus (D:5)
  A worm (D:2)
  A dart slug (D:4)
  35 orcs
  11 endoplasms
  9 giant cockroaches
  18 goblins
  9 hobgoblins
  4 quokkas
  19 ball pythons
  5 bats
  6 frilled lizards
  17 kobolds
  9 rats
419 creatures vanquished.

Vanquished Creatures (others)
  2 vampires (D:12)
  An orc wizard (D:11)
  2 withered plants (D:12)
5 creatures vanquished.

Grand Total: 424 creatures vanquished

Notes
Turn   | Place    | Note
-------+----------+-------------------------------------------
     0 | D:1      | Malicious the Ghoul Fighter began the quest for the Orb.
     0 | D:1      | Reached XP level 1. HP: 19/19 MP: 0/0
    73 | D:1      | Reached XP level 2. HP: 23/26 MP: 1/1
   808 | D:1      | Reached XP level 3. HP: 31/31 MP: 2/2
  1456 | D:2      | Found a faded altar of an unknown god.
  1747 | D:2      | Identified the +1 short sword "Beow" {antimagic, rC- Str+7
                  | Dex+2}
  1809 | D:2      | Found a runed translucent door.
  1810 | D:2      | Noticed Crazy Yiuf
  1860 | D:2      | Noticed Robin
  1864 | D:2      | Killed Robin
  1865 | D:2      | Reached XP level 4. HP: 40/40 MP: 3/3
  1928 | D:2      | Noticed Natasha
  1938 | D:2      | Killed Natasha
  2142 | D:2      | Noticed Jessica
  2151 | D:2      | Reached XP level 5. HP: 46/46 MP: 4/4
  2156 | D:2      | Killed Jessica
  2227 | D:2      | Noticed Natasha
  2234 | D:2      | Killed Natasha
  2271 | D:2      | Killed Crazy Yiuf
  2726 | D:3      | Reached XP level 6. HP: 50/52 MP: 5/5
  3468 | D:4      | Found a hazy altar of Hepliaklqana.
  3599 | D:4      | Noticed Eustachio
  3775 | D:4      | Killed Eustachio
  3782 | D:4      | Reached XP level 7. HP: 36/60 MP: 6/6
  3977 | D:4      | Found a glowing drain.
  3990 | Sewer    | Entered a sewer
  4107 | Sewer    | Reached skill level 5 in Axes
  4161 | Sewer    | Found a viscous altar of Jiyva.
  4340 | D:4      | Noticed Grinder
  4346 | D:4      | Paralysed by Grinder for 2 turns
  4351 | D:4      | Killed Grinder
  4363 | D:4      | Reached XP level 8. HP: 67/67 MP: 7/7
  4492 | D:4      | Noticed Menkaure
  4523 | D:4      | Killed Menkaure
  4826 | D:4      | Identified the +10 whip "Acziunk" {vorpal, +Blink}
  4912 | D:5      | Entered Level 5 of the Dungeon
  5054 | D:5      | Reached skill level 5 in Fighting
  5644 | D:5      | Found a staircase to the Ecumenical Temple.
  5656 | Temple   | Entered the Ecumenical Temple
  5880 | Temple   | Became a worshipper of Makhleb the Destroyer
  6328 | D:6      | Reached skill level 5 in Armour
  6328 | D:6      | Reached skill level 5 in Shields
  6755 | D:6      | Found a shimmering blue altar of Sif Muna.
  6818 | D:6      | Reached XP level 9. HP: 64/74 MP: 8/8
  7162 | D:6      | Found an opulent altar of Gozag.
  8387 | D:7      | Identified the ring of Seinit {rF+ rC+ rCorr}
  8446 | D:7      | Noticed Pikel
  8462 | D:7      | Killed Pikel
  9009 | D:7      | Noticed Joseph
  9024 | D:7      | Killed Joseph
  9735 | D:7      | Reached * piety under Makhleb
  9736 | D:7      | Reached XP level 10. HP: 52/84 MP: 9/9
 10029 | D:7      | Noticed Prince Ribbit
 10033 | D:7      | Killed Prince Ribbit
 11479 | D:8      | Found a staircase to the Lair.
 11873 | D:8      | Reached skill level 1 in Maces & Flails
 12283 | D:8      | Found a bloodstained altar of Trog.
 12734 | D:8      | Found an iron altar of Okawaru.
 12735 | D:8      | Found a stormy altar of Qazlal.
 12774 | D:8      | Noticed a two-headed ogre
 12782 | D:8      | Killed a two-headed ogre
 13322 | Lair:1   | Entered Level 1 of the Lair of Beasts
 13322 | Lair:1   | Noticed an elephant
 13322 | Lair:1   | Noticed an elephant
 13322 | Lair:1   | Noticed an elephant
 13322 | Lair:1   | Noticed an elephant
 13322 | Lair:1   | Noticed an elephant
 13367 | D:9      | Noticed Harold
 13832 | D:9      | Reached XP level 11. HP: 84/92 MP: 10/10
 13971 | D:9      | Killed Harold
 13972 | D:9      | Reached skill level 1 in Evocations
 14206 | D:9      | Reached skill level 10 in Axes
 14208 | D:9      | Reached ** piety under Makhleb
 14248 | D:9      | Noticed Grum
 14260 | D:9      | Killed Grum
 15121 | D:10     | Entered Level 10 of the Dungeon
 16780 | D:11     | Noticed a two-headed ogre
 16786 | D:11     | Killed a two-headed ogre
 16827 | D:11     | Reached XP level 12. HP: 48/103 MP: 11/11
 17354 | D:11     | Reached *** piety under Makhleb
 17426 | D:11     | Noticed a two-headed ogre
 17426 | D:11     | Noticed a deep elf knight
 17430 | D:11     | Killed a deep elf knight
 17430 | D:11     | Killed a two-headed ogre
 17431 | D:11     | Reached skill level 5 in Maces & Flails
 17457 | D:11     | Noticed a centaur warrior
 17482 | D:11     | Killed a centaur warrior
 17506 | D:11     | Identified the +1 pair of gloves of the Seven Orbs {rElec}
 17812 | D:11     | Noticed a two-headed ogre
 17819 | D:11     | Killed a two-headed ogre
 17825 | D:11     | Noticed a centaur warrior
 17825 | D:11     | Noticed a two-headed ogre
 17826 | D:11     | Noticed a six-headed hydra
 17828 | D:11     | Noticed an ogre mage
 18143 | D:12     | Noticed a two-headed ogre
 18152 | D:12     | Killed a two-headed ogre
 18775 | D:12     | Reached XP level 13. HP: 113/113 MP: 12/12
 18808 | D:12     | Reached skill level 10 in Fighting
 20287 | D:13     | Reached skill level 10 in Armour
 20302 | D:13     | Reached **** piety under Makhleb
 20662 | D:13     | Reached skill level 10 in Shields
 20667 | D:13     | Found a stormy altar of Qazlal.
 22534 | D:15     | Entered Level 15 of the Dungeon
 22552 | D:15     | Found a shadowy altar of Dithmenos.
 23406 | D:15     | Found a staircase to the Depths.
 23437 | D:15     | Reached XP level 14. HP: 117/124 MP: 13/13
 24275 | D:15     | HP: 6/124 [two-headed ogre/+0 giant spiked club (17)]
 24275 | D:15     | HP: 2/124 [something (4)]
 24276 | D:15     | Mangled by a two-headed ogre

Illustrated notes

Levels and vault maps discovered:
D:1:      erik_arrival_orb_chamber, layout_basic, chequers_jeans,
          chequers_arboretum
D:2:      layout_rooms, nicolae_ecumenical_pavilion, uniq_crazy_yiuf_cottage,
          uniq_robin, uniq_natasha, uniq_jessica
D:3:      minmay_wonky_spiral, layout_loops_corners, serial_aquarium,
          aquarium_bridge_straight [aquarium_subvault_bridge,
          aquarium_subvault_window, aquarium_subvault_bridge,
          aquarium_subvault_window], aquarium_bridge_straight
          [aquarium_subvault_bridge, aquarium_subvault_window,
          aquarium_subvault_bridge, aquarium_subvault_wall], aquarium_window_1,
          aquarium_window_fake, aquarium_window_2, aquarium_view_2b,
          aquarium_pool_2, minmay_misc_feat_chi
D:4:      layout_rooms, amcnicky_altar_gilded, gup_sewer_entry_bubbles,
          uniq_eustachio, uniq_menkaure, uniq_grinder
D:5:      layout_basic, minmay_temple_entry_sparse_star
D:6:      layout_loops_ring, lemuel_blue_sif_altar, grunt_gozag_statues,
          amcnicky_mini_pool_medium
D:7:      layout_basic, uniq_prince_ribbit1, uniq_pikel, uniq_joseph
D:8:      minmay_imperfect_grid, layout_layer_cave, grunt_temple_overflow_open,
          lair_entry_dummy, hangedman_decor_diamond_cutter
D:9:      layout_basic, uniq_harold, uniq_grum
D:10:     layout_layer_cave
D:11:     minmay_the_grid_square_5x5_5x5 [minmay_the_grid_square_5x5_eight,
          minmay_the_grid_square_5x5_two_walls_a,
          minmay_the_grid_square_5x5_checkered_sparse,
          minmay_the_grid_square_5x5_inverted_slash,
          minmay_the_grid_square_5x5_beaten_path,
          minmay_the_grid_square_5x5_doubleslash,
          minmay_the_grid_square_5x5_prize_junk,
          minmay_the_grid_square_5x5_percent,
          minmay_the_grid_square_5x5_prize_monsterx,
          minmay_the_grid_square_5x5_detours, minmay_the_grid_square_5x5_inset,
          minmay_the_grid_square_5x5_n_small,
          minmay_the_grid_square_5x5_prize_open, minmay_the_grid_square_5x5_v,
          minmay_the_grid_square_5x5_tetrominoes,
          minmay_the_grid_square_5x5_two_small,
          minmay_the_grid_square_5x5_prize_deathbox,
          minmay_the_grid_square_5x5_almost_minimal,
          minmay_the_grid_square_5x5_prize_open,
          minmay_the_grid_square_5x5_fancy_junction,
          minmay_the_grid_square_5x5_misaligned,
          minmay_the_grid_square_5x5_shuriken,
          minmay_the_grid_square_5x5_bridge,
          minmay_the_grid_square_5x5_three_walls, minmay_the_grid_square_5x5_z],
          layout_cave_pools, orc_david_3
D:12:     layout_basic, serial_undead, serial_undead_e, serial_undead_a,
          serial_undead_c, serial_undead_a
D:13:     layout_basic, hangedman_vaults_entry_quadrant_bands,
          nicolae_qazlal_style_of_elements
D:14:     cheibrodos_elevator_heist, layout_small_grid,
          hangedman_decor_opposing, serial_shops, statue_bzr, shop, shop,
          kennysheep_mini_moat, shop_fountains
D:15:     grunt_enter_depths_magical_seal, layout_grid_maze,
          nicolae_dithmenos_the_darkroom
Temple:   nicolae_temple_slightly_damp_pantheon
Lair:1:   layout_regular_city, grunt_megastairs_2

Skill      XL: |  1  2  3  4  5  6  7  8  9 10 11 12 13 14 |
---------------+-------------------------------------------+-----
Axes           | 2 3 4 5 7 8 9 10 11 | 11.5
Armour         | 3 4 5 6 7 8 9 10 11 | 11.0
Shields        | 3 4 5 6 7 8 9 10 | 10.8
Fighting       | 4 5 6 7 8 9 11 | 11.2
Maces & Flails | 2 4 6 8 |  8.5
Evocations     | 1 |  1.9

Action                   |  1- 3 |  4- 6 |  7- 9 | 10-12 | 13-15 || total
-------------------------+-------+-------+-------+-------+-------++-------
Melee: War axe           |   117 |   197 |   475 |   125 |       ||   914
       Flail             |       |       |       |   431 |       ||   431
       Morningstar       |       |       |       |    95 |   431 ||   526
Evoke: Wand              |       |       |       |    23 |     7 ||    30
  Use: Scroll            |     4 |     5 |    12 |    18 |     5 ||    44
       Potion            |       |     3 |     4 |     5 |    10 ||    22
Armor: Scale mail        |    67 |    51 |       |       |       ||   118
       Plate armour      |       |    53 |   293 |   503 |   469 ||  1318
Dodge: Dodged            |    70 |    72 |   130 |   175 |   147 ||   594
Block: Buckler           |    34 |    90 |   235 |   428 |   290 ||  1077
       Reflection        |       |     1 |     5 |    10 |    22 ||    38
